 Dungeon Crawl Stone Soup version 0.28-a0-706-gf6f64a616a (webtiles) character file.

Game seed: 15886297840043679668

2610 cheechan the Covert (level 9, -19/72 HPs)
             Began as a Naga Chaos Knight on Oct 24, 2021.
             Was a Believer of Jiyva.
             Demolished by a death yak (20 damage)
             ... on level 7 of the Dungeon.
             The game lasted 00:31:04 (6928 turns).

cheechan the Covert (Naga Chaos Knight)             Turns: 6928, Time: 00:31:05

Health: -19/72     AC: 16    Str: 17    XL:     9   Next: 59%
Magic:  8/9        EV:  1    Int: 16    God:    Jiyva [**....]
Gold:   349        SH: 11    Dex: 10    Spells: 8/8 levels left

rFire   + . .      SeeInvis +   F - +5 whip "Spider's Demise" {freeze, rElec rC+ Int+2}
rCold   . . .      Faith    .   u - +0 tower shield
rNeg    . . .      Spirit   .   i - +4 chain mail
rPois   +          Reflect  .   (no helmet)
rElec   +          Harm     .   E - +0 cloak
rCorr   .          Rampage  .   h - +1 pair of gloves
Will    ++...                   (no barding)
Stlth   +.........              p - amulet of the acrobat
HPRegen 0.22/turn               q - ring of flight
MPRegen 0.11/turn               x - ring of fire

@: flying, studying Stealth, very slow
A: AC +3, large, see invisible, deformed body, poison resistance, slowness 2,
spit poison 1, naga tail 1, clever 1, clumsy 1, frail 1, strong-willed 1,
screaming 1
a: Spit Poison, Renounce Religion, Request Jelly


You were on level 7 of the Dungeon.
You worshipped Jiyva.
Jiyva was pleased with you.
You visited 2 branches of the dungeon, and saw 10 of its levels.
You also visited: Sewer.

You collected 349 gold pieces.

Inventory:

Hand Weapons
 a - a +0 hand axe of chaos
 l - a +1 spectral war axe
 A - a +0 antimagic hand axe
 D - a +0 war axe
 F - the +5 whip "Spider's Demise" (weapon) {freeze, rElec rC+ Int+2}
   (You found it on level 6 of the Dungeon)

   It freezes those it strikes, dealing additional cold damage.
   It can also slow down cold-blooded creatures.
   Int:       It affects your intelligence (+2).
   rC:        It protects you from cold.
   rElec:     It insulates you from electricity.
Missiles
 c - 39 arrows
 f - 56 poisoned darts
 s - 11 boomerangs
 t - 25 bolts
 w - 11 sling bullets
Armour
 b - a +2 leather armour
 h - a +1 pair of gloves (worn)
 i - a +4 chain mail (worn)
 u - a +0 tower shield (worn)
 E - a +0 cloak (worn)
Jewellery
 p - an amulet of the acrobat (around neck)
 q - a ring of flight (left hand)
 x - a ring of fire (right hand)
Wands
 r - a wand of acid (8) (quivered)
Scrolls
 y - 2 scrolls of amnesia
 C - 2 scrolls of brand weapon
Potions
 e - 4 potions of attraction
 g - a potion of magic
 n - a potion of lignification {unknown}
 o - a potion of mutation {unknown}
 z - 2 potions of flight


   Skills:
 + Level 5.4 Fighting
 + Level 7.1(7.3) Axes
 + Level 1.8(4.8) Maces & Flails
 + Level 6.2 Armour
 + Level 2.3 Dodging
 * Level 8.7 Stealth
 + Level 3.2 Shields


You had 8 spell levels left.
You didn't know any spells.
Your spell library contained the following spells:

 Spells                   Type           Power      Damage    Failure   Level
 Ensorcelled Hibernation  Hex/Ice        0%         N/A       100%        2
 Call Canine Familiar     Summ           0%         N/A       100%        3
 Portal Projectile        Hex/Tloc       0%         N/A       100%        3
 Spider Form              Tmut/Pois      0%         N/A       100%        3
 Flame Wave               Conj/Fire      0%         3d3       100%        4
 Leda's Liquefaction      Hex/Erth       0%         N/A       100%        4
 Petrify                  Tmut/Erth      0%         N/A       100%        4
 Lee's Rapid Deconstruct  Erth           0%         3d5*      100%        5


Dungeon Overview and Level Annotations

Branches:
Dungeon (9/15)             Temple (1/1) D:6           Sewer (visited)
   Lair: D:8-11         Orc: D:9-12

Altars:
Cheibriados
Fedhas
Gozag
Kikubaaqudgha
Makhleb
Nemelex Xobeh
Qazlal
Sif Muna
Trog
Uskayaw
Vehumet
Wu Jian
Yredelemnul
Jiyva


Innate Abilities, Weirdness & Mutations

Your serpentine skin is tough. (AC +3)
You have supernaturally acute eyesight. (SInv)
Armour fits poorly on your strangely shaped body.
Your system is resistant to poisons. (rPois)
You cover ground very slowly.
You can spit poison.
You have a snake-like lower body.
Your mind is acute. (Int +2)
You are clumsy. (Dex -2)
You are frail. (-10% HP)
You are strong-willed. (Will+)
You occasionally shout uncontrollably at your foes.


Message History

The ogre is almost dead.
The ogre hits you with a +0 giant spiked club!
* * * LOW HITPOINT WARNING * * *
The death yak struggles against the net.
You whack the ogre! You freeze the ogre.
You kill the ogre!
The death yak struggles against the net. x2
The net rips apart, and the death yak comes free!
The jelly hits the death yak.
The death yak is splashed with acid.
The acid corrodes the death yak!
Okay, then.
You completely miss the death yak.
The death yak is lightly wounded.
You block the death yak's attack. The death yak gores you!
* * * LOW HITPOINT WARNING * * *
Aiming: Corrosive Bolt
Press: ? - help, Shift-Dir - straight line, f/p - death yak
Aim: a death yak (lightly wounded, covered in acid, 90% to hit)
The bolt of acid hits the death yak!!
The death yak seems to be corroded for longer.
The death yak is moderately wounded.
The bolt of acid hits the jelly.
The jelly completely resists.
You hear a slurping noise.
The death yak gores you but does no damage.
Hit: F) +5 whip "Spider's Demise" {freeze, rElec rC+ Int+2}
Press: ? - help, Dir - move target, f/p - death yak
Aim: a death yak (moderately wounded, covered in acid, about 19% to evade the +5 whip "Spider's Demise")
You hit the death yak but do no damage.
The death yak is moderately wounded.
The jelly hits the death yak.
The death yak is splashed with acid.
The death yak seems to be corroded for longer.
You block the death yak's attack.
The jelly hits the death yak.
The death yak is splashed with acid.
The death yak seems to be corroded for longer.
You hit the death yak. You freeze the death yak.
The death yak is heavily wounded.
The death yak gores you!!
You die...
Xom chortles!

.##..##..........
.....##.......... ..##
......#.........##...
..###.>......#...... .#
#...#..#.###...
........##...###..
.............#.#.#
...............#.##.##
...........##.JY@....#
..........##............
...........##...........
....... .............
..............#......
.................###
............## O
.##..###....# ....


You could see a death yak (corroded) and a neutral jelly (wandering) (fellow
slime).

Vanquished Creatures
  A cyclops (D:6)
  2 steam dragons
  A vampire mosquito (D:6)
  Duvessa (D:4)
  An orc warrior (D:6)
  A sky beast (D:6)
  A necrophage (D:5)
  4 ogres
  A kobold brigand (Sewer)
  3 scorpions
  A water moccasin zombie (D:6)
  Dowan (D:4)
  2 killer bees (D:8)
  A howler monkey (D:6)
  2 hounds (D:5)
  2 centaur zombies (D:7)
  An orc priest (D:6)
  An iron imp (D:8)
  A gnoll shaman (D:6)
  An iguana (D:5)
  2 orc wizards (D:6)
  A hell rat (D:8)
  A scorpion zombie (D:5)
  2 killer bee zombies (D:8)
  7 gnolls
  10 adders
  3 river rats
  2 white imps (D:6)
  3 worms
  A dart slug (D:2)
  17 orcs
  2 bats
  2 endoplasms (D:2)
  4 giant cockroaches
  5 goblins
  5 hobgoblins
  6 jackals
  2 quokkas (D:3)
  4 ball pythons
  6 kobolds
  A quokka skeleton (D:4)
  14 rats
129 creatures vanquished.

Vanquished Creatures (others)
  A black bear (D:7)
  A bullfrog (D:7)
  8 jellies
  A centaur skeleton (D:7)
  A river rat (D:8)
  An orc (D:8)
  A quokka (D:8)
14 creatures vanquished.

Grand Total: 143 creatures vanquished

Notes
Turn   | Place    | Note
-------+----------+-------------------------------------------
     0 | D:1      | cheechan the Naga Chaos Knight began the quest for the Orb.
     0 | D:1      | Reached XP level 1. HP: 21/21 MP: 1/1
   157 | D:1      | XOM: divination: magic mapping
   467 | D:1      | XOM: silly message
   490 | D:1      | Reached XP level 2. HP: 28/28 MP: 2/2
   690 | D:1      | XOM: silly message
   707 | D:1      | XOM: give mutations
   707 | D:1      | Gained mutation: You are strong-willed. (Will+) [Xom's
                  | grace]
   707 | D:1      | Gained mutation: You have a pair of small horns on your
                  | head. [Xom's grace]
   707 | D:1      | Gained mutation: Your mind is acute. (Int +2) [Xom's grace]
   707 | D:1      | Gained mutation: Your muscles are strong. (Str +2) [Xom's
                  | grace]
   901 | D:2      | XOM is BORED!
   901 | D:2      | XOM: noise
   925 | D:2      | XOM: 1-stop teleportation journey
   963 | D:2      | Reached skill level 1 in Dodging
   963 | D:2      | Reached XP level 3. HP: 22/34 MP: 3/3
  1129 | D:2      | Reached XP level 4. HP: 37/42 MP: 4/4
  1826 | D:3      | Found a blossoming altar of Fedhas.
  1841 | D:3      | Found a bloodstained altar of Trog.
  1992 | D:3      | XOM: god gift: wand of acid (9)
  2021 | D:3      | Reached XP level 5. HP: 40/49 MP: 5/5
  2239 | D:4      | Noticed Duvessa
  2239 | D:4      | Noticed Dowan
  2243 | D:4      | Killed Dowan
  2245 | D:4      | XOM: divination: magic mapping
  2250 | D:4      | Killed Duvessa
  2251 | D:4      | Reached XP level 6. HP: 4/57 MP: 6/6
  2545 | D:4      | XOM: cloud trail
  2657 | D:4      | Noticed a steam dragon
  2664 | D:4      | Killed a steam dragon
  2665 | D:4      | Reached skill level 5 in Axes
  3141 | D:4      | Reached XP level 7. HP: 64/64 MP: 7/7
  3245 | D:4      | XOM: enchant monster (good)
  3339 | D:5      | Entered Level 5 of the Dungeon
  3457 | D:5      | XOM: divination: magic mapping
  3549 | D:5      | XOM: noise
  3653 | D:5      | XOM: cast spell 'Disjunction'
  3684 | D:5      | XOM: stat loss: -1 Int (13/14)
  3690 | D:5      | Found a glowing drain.
  3698 | Sewer    | Entered a sewer
  3699 | Sewer    | XOM: noise
  3996 | Sewer    | XOM: give mutations
  3996 | Sewer    | Lost mutation: Your muscles are strong. (Str +2) [Xom's
                  | mischief]
  3996 | Sewer    | Gained mutation: You are frail. (-10% HP) [Xom's mischief]
  3996 | Sewer    | Gained mutation: Your tail ends in a poisonous barb. [Xom's
                  | mischief]
  4060 | Sewer    | Found a white marble altar of Elyvilon.
  4231 | D:5      | Reached skill level 1 in Shields
  4231 | D:5      | Reached XP level 8. HP: 60/65 MP: 8/8
  4240 | D:5      | XOM: enchant monster (good)
  4281 | D:5      | Identified a scroll of acquirement
  4281 | D:5      | Acquired a manual of Stealth
  4343 | D:6      | XOM: noise
  4344 | D:6      | Reached skill level 1 in Stealth
  4346 | D:6      | Reached skill level 2 in Stealth
  4366 | D:6      | Reached skill level 5 in Armour
  4366 | D:6      | Reached skill level 3 in Stealth
  4483 | D:6      | Found a burning altar of Makhleb.
  4484 | D:6      | Found a staircase to the Ecumenical Temple.
  4484 | D:6      | XOM: 1-stop teleportation journey
  4488 | D:6      | You are sucked into a shaft and drop 2 floors!
  4520 | D:8      | XOM: divination: magic mapping
  4545 | D:8      | Found a snail-covered altar of Cheibriados.
  4557 | D:7      | XOM: divination: detect creatures
  4562 | D:6      | XOM: butterfly on damage
  4562 | D:6      | XOM: smoke on damage
  4568 | D:6      | Reached skill level 5 in Fighting
  4568 | D:6      | Reached skill level 4 in Stealth
  4645 | D:6      | XOM: divination: detect items
  4752 | D:6      | Noticed a cyclops
  4760 | D:6      | Killed a cyclops
  4761 | D:6      | Reached skill level 6 in Stealth
  4761 | D:6      | Reached XP level 9. HP: 64/72 MP: 9/9
  4785 | D:6      | XOM: 1-stop teleportation journey
  5026 | D:6      | Reached skill level 7 in Stealth
  5211 | D:6      | XOM: 3-stop teleportation journey
  5251 | D:6      | Identified the +5 whip "Spider's Demise" {freeze, rElec rC+
                  | Int+2}
  5251 | D:6      | XOM: 3-stop teleportation journey
  5515 | Temple   | Entered the Ecumenical Temple
  5543 | Temple   | XOM is BORED!
  5543 | Temple   | XOM: give mutations
  5543 | Temple   | Lost mutation: You have a pair of small horns on your head.
                  | [Xom's mischief]
  5543 | Temple   | Gained mutation: You occasionally shout uncontrollably at
                  | your foes. [Xom's mischief]
  5543 | Temple   | Gained mutation: Your body sometimes deteriorates upon
                  | taking damage. [Xom's mischief]
  5543 | Temple   | Lost mutation: Your tail ends in a poisonous barb. [Xom's
                  | mischief]
  5556 | Temple   | XOM: give mutation
  5556 | Temple   | Lost mutation: Your body sometimes deteriorates upon taking
                  | damage. [Xom's mischief]
  5658 | Temple   | Fell from the grace of Xom
  5658 | Temple   | Became a worshipper of Jiyva Jemoapp the Shapeless
  5801 | D:6      | Reached * piety under Jiyva
  6025 | D:6      | XOM: give mutation
  6025 | D:6      | Gained mutation: You are clumsy. (Dex -2) [Xom's mischief]
  6083 | D:6      | Reached skill level 8 in Stealth
  6255 | D:7      | Reached ** piety under Jiyva
  6305 | D:7      | You are sucked into a shaft and drop 2 floors!
  6337 | D:9      | Noticed a kobold demonologist
  6337 | D:9      | Noticed a kobold demonologist
  6338 | D:9      | Noticed a sun demon
  6341 | D:9      | Noticed a sixfirhy
  6527 | D:8      | Reached skill level 1 in Maces & Flails
  6700 | D:8      | Noticed a death yak
  6719 | D:8      | Got the Handbook of the Earthen Arsonist
  6925 | D:7      | HP: 1/72 [death yak (9)]
  6928 | D:7      | Demolished by a death yak

Illustrated notes

Levels and vault maps discovered:
D:1:      dpeg_arrival_snail, layout_basic, minmay_rat_gold_closets
D:2:      layout_loops_ring
D:3:      layout_basic, grunt_temple_overflow_open
D:4:      layout_basic, uniq_duvessa
D:5:      layout_cave_pools, gup_sewer_entry_bubbles, st_stairs_11,
          small_statue_intersection
D:6:      cheibrodos_two_vegetables, layout_loops_corners,
          mainiacjoe_overflow_24_doors, minmay_temple_entry_waves,
          minmay_increasing_density
D:7:      layout_cave_pools, good_gods_temple_1, old_standard_altar
D:8:      layout_cave_pools, nicolae_ru_awakened_eye, kennysheep_mini_moat,
          chei_slow_surprise, dpeg_lair_monsters, special_room
          [special_room_orc], minmay_statues_item, nicolae_lava_and_water
D:9:      layout_basic, general_overflow_altar, hiddenorc2_lemuel
Temple:   pf_slimified_temple

Skill      XL: |  1  2  3  4  5  6  7  8  9 |
---------------+----------------------------+-----
Armour         | 2 3 4 5 6 |  6.2
Dodging        | 1 2 |  2.3
Axes           | 4 5 6 7 |  7.1
Fighting       | 4 5 |  5.4
Shields        | 1 2 3 |  3.2
Stealth        | 6 8 |  8.7
Maces & Flails | 1 |  1.8

Action                   |  1- 3 |  4- 6 |  7- 9 || total
-------------------------+-------+-------+-------++-------
Melee: Hand axe          |    19 |       |       ||    19
       War axe           |    39 |    37 |   138 ||   214
       Headbutt          |     3 |     4 |    19 ||    26
       Whip              |       |       |    86 ||    86
Throw: Throwing net      |       |       |     2 ||     2
Invok: Request Jelly     |       |       |     3 ||     3
 Abil: Spit Poison       |     9 |     9 |    19 ||    37
Evoke: Wand              |       |       |     1 ||     1
  Use: Scroll            |     5 |     4 |     9 ||    18
       Potion            |       |     1 |     6 ||     7
 Stab: Held in net/web   |       |       |     1 ||     1
Armor: Leather armour    |    10 |       |       ||    10
       Chain mail        |    33 |    28 |   188 ||   249
Dodge: Dodged            |    35 |    20 |    55 ||   110
Block: Tower shield      |       |       |   180 ||   180

Table legend: (Time is in decaauts)
 A = Elapsed time spent in this place.
 B = Non-inter-level travel time spent in this place.
 C = Inter-level travel time spent in this place.
 D = Time resting spent in this place.
 E = Time spent auto-exploring this place.
 F = Levels seen in this place.
 G = Mean time per level.
                   A        B        C        D        E       F      G
               +--------+--------+--------+--------+--------+-----+--------+
         Total |   8912 |   8912 |      0 |   1739 |      0 |  11 |  810.2 |
       Dungeon |   8175 |   8175 |      0 |   1520 |      0 |   9 |  908.3 |
        Temple |    246 |    246 |      0 |      7 |      0 |   1 |  246.0 |
         Sewer |    489 |    489 |      0 |    212 |      0 |   1 |  489.0 |
               +--------+--------+--------+--------+--------+-----+--------+

Top non-repeatable levels by time:
     D:6: 2088 daAuts
     D:4: 1293 daAuts
     D:1: 1212 daAuts
     D:2: 935 daAuts
     D:3: 868 daAuts
     D:5: 804 daAuts
     D:8: 524 daAuts
   Sewer: 489 daAuts
     D:7: 377 daAuts
  Temple: 246 daAuts
     D:9: 72 daAuts
